 Dungeon Crawl Stone Soup version 0.29.1-14-g9c671dbff4 (webtiles) character file.

Game seed: 6067798178438189286

101 vvlvvlvvlvvlvvl the Digger (level 4, -3/27 HPs)
             Began as an Octopode Earth Elementalist on Feb 18, 2023.
             Slain by an orc
             ... wielding a +0 hand axe
              (4 damage)
             ... on level 3 of the Dungeon.
             The game lasted 00:05:19 (2074 turns).

vvlvvlvvlvvlvvl the Digger (OpEE)                   Turns: 2074, Time: 00:05:20

Health: -3/27      AC:  1    Str:  7    XL:     4   Next: 75%
Magic:  3/7        EV: 13    Int: 19    God:
Gold:   105        SH:  0    Dex: 12    Spells: 6/7 levels left

rFire   . . .      SeeInvis .   g - +0 war axe
rCold   . . .      Faith    .   b - orb {guile}
rNeg    . . .      Spirit   .   (helmet restricted)
rPois   .          Reflect  .   (no amulet)
rElec   .          Harm     .   (no ring)
rCorr   .          Rampage  .   (no ring)
Will    .....                   (no ring)
Stlth   +++.......              (no ring)
HPRegen 0.09/turn               (no ring)
MPRegen 0.10/turn               (no ring)
                                (no ring)
                                (no ring)

@: no status effects
A: almost no armour, amphibious, 8 rings, camouflage 1, gelatinous body 1,
(nimble swimmer 1), tentacles
a: no special abilities


You were on level 3 of the Dungeon.
You visited 1 branch of the dungeon, and saw 4 of its levels.

You collected 105 gold pieces.

Inventory:

Hand Weapons
 g - a +0 war axe (weapon)
Missiles
 e - 2 throwing nets
Armour
 b - an orb of guile (worn)
Scrolls
 d - a scroll of teleportation {unknown}
 f - a scroll of enchant weapon {unknown}
 j - 3 scrolls of identify {unknown}
 k - a scroll of vulnerability {unknown}
 l - a scroll of blinking {unknown}
Potions
 a - a potion of magic
 c - a potion of haste {unknown}
 h - a potion of heal wounds {unknown}
 i - 2 potions of curing {unknown}


   Skills:
 + Level 2.6 Dodging
 - Level 3.0 Stealth
 + Level 2.4 Spellcasting
 + Level 1.9 Transmutations
 * Level 3.9 Earth Magic
 + Level 1.3 Evocations


You had 6 spell levels left.
You knew the following spells:

 Your Spells              Type           Power      Damage    Failure   Level
a - Sandblast             Erth           34%        2d9       3%          1

Your spell library contained the following spells:

 Spells                   Type           Power      Damage    Failure   Level
 Passwall                 Tmut/Erth      10%        N/A       8%          2
 Stone Arrow              Conj/Erth      18%        3d8       22%         3
 Petrify                  Tmut/Erth      13%        N/A       43%         4


Dungeon Overview and Level Annotations

Branches:
Dungeon (4/15)
 Temple: D:4-7

Altars:

Annotations:
D:3 1 runed translucent door, EtherCrawl's ghost, amateur MeTm


Innate Abilities, Weirdness & Mutations

You cannot wear most types of armour.
You are amphibious.
You can wear up to eight rings at the same time.
Your skin changes colour to match your surroundings (Stealth+).
Your rubbery body absorbs attacks. (AC +1, EV +1)
((You are camouflaged when in or above water. (Stealth+)))
You have tentacles for arms and can constrict up to eight enemies at once.


Message History

Done exploring.
Done exploring.
There is a stone staircase leading down here.
You climb downwards.
Level annotation: 1 runed translucent door, EtherCrawl's ghost, amateur MeTm The orc shouts! x5; The kobold shouts!
Found a sapphire potion.
There is a stone staircase leading up here.
You climb upwards.
There is a stone staircase leading down here.
The blast of sand hits the orc.
The orc is moderately wounded.
The orc closely misses you. The orc barely misses you.
The orc hits you with a +0 club. x2
The blast of sand hits the orc!
You kill the orc!
The orc hits you but does no damage.
The blast of sand hits the orc.
The orc is heavily wounded.
The orc barely misses you. The orc hits you but does no damage.
The blast of sand hits the orc.
You kill the orc!
You can't see any susceptible monsters within range! (Use Z to cast anyway.)
You can't see any susceptible monsters within range! (Use Z to cast anyway.)
You climb downwards.
Level annotation: 1 runed translucent door, EtherCrawl's ghost, amateur MeTm The kobold closely misses you.
The orc barely misses you. The orc misses you.
The kobold completely misses you. The orc completely misses you.
The orc hits you with a +0 short sword.
There is a stone staircase leading up here.
The blast of sand hits the orc.
The orc is moderately wounded.
The orc barely misses you. The kobold hits you with a +0 club.
The orc hits you with a +0 hand axe. The orc barely misses you.
The orc hits you with a +0 flail!
* * * LOW HITPOINT WARNING * * *
The kobold hits you with a +0 club.
* * * LOW HITPOINT WARNING * * *
The orc hits you with a +0 hand axe.
You die...

#....#
##########.
#.... #....
#.... #....
.!. #K##
#o@# #oo#
....#
######


You could see 3 orcs and a kobold.

Vanquished Creatures
  Terence (D:2)
  An adder (D:2)
  2 worms
  4 dart slugs
  2 orcs (D:2)
  8 ball pythons
  3 bats (D:1)
  4 endoplasms (D:1)
  6 giant cockroaches
  3 goblins
  A hobgoblin (D:2)
  2 kobolds
  5 quokkas
  A frilled lizard (D:1)
  6 rats
49 creatures vanquished.

Notes
Turn   | Place    | Note
-------+----------+-------------------------------------------
     0 | D:1      | vvlvvlvvlvvlvvl the Octopode Earth Elementalist began the
                  | quest for the Orb.
     0 | D:1      | Reached XP level 1. HP: 11/11 MP: 3/3
    45 | D:1      | Reached XP level 2. HP: 5/17 MP: 0/5
   698 | D:1      | Found a faded altar of an unknown god.
   706 | D:1      | Reached XP level 3. HP: 21/21 MP: 3/6
   900 | D:2      | You fall into a shaft and drop 2 floors!
   910 | D:3      | Found a runed translucent door.
   912 | D:3      | Noticed EtherCrawl's ghost (amateur MeTm)
  1363 | D:2      | Reached skill level 1 in Evocations
  1363 | D:2      | Reached XP level 4. HP: 27/27 MP: 3/7
  1535 | D:2      | Noticed Terence
  1546 | D:2      | Killed Terence
  2074 | D:3      | HP: 1/27 [kobold/+0 club (5)]
  2074 | D:3      | Slain by an orc

Illustrated notes

Levels and vault maps discovered:
D:1:      dpeg_arrival_tiny_k, layout_rooms,
          shapermc_ecumenical_altar_mp_ritualfount, grunt_decor_mini_mirrors,
          minmay_hexomino_f4
D:2:      layout_basic, uniq_terence
D:3:      layout_basic, mainiacjoe_overflow_surrounded_room,
          ebering_ghost_sewer_d
D:4:      layout_basic, minmay_bent

Skill      XL: |  1  2  3 |
---------------+----------+-----
Stealth        | 3 |  3.0
Evocations     | 1 |  1.3
Dodging        | |  2.6
Spellcasting   | |  2.4
Transmutations | |  1.9
Earth Magic    | |  3.9

Action                   |  1- 3 |  4- 6 || total
-------------------------+-------+-------++-------
Melee: Unarmed           |     9 |       ||     9
       Constrict         |     3 |       ||     3
       Tentacles         |     1 |       ||     1
       War axe           |     2 |     2 ||     4
 Cast: Sandblast         |    49 |    23 ||    72
Armor: Skin              |     3 |     3 ||     6
Dodge: Dodged            |    20 |    20 ||    40
